Selects Special Operations Battlegroup
Construct Weapon Support Center
Selects M29 Weasel with M1 Pack Howitzer
M29 Weasel with M1 Pack Howitzer
Mechanized Support Center
Construct Medical Station
M3 Armored Personnel Carrier
Designate Forward Repair Station
Selects P-47 Anti-Infantry Loiter
P-47 Anti-Infantry Loiter
P-47 Anti-Infantry Loiter
Selects UNKNOWN (2162291)
Selects SSF Commando Squad
P-47 Anti-Infantry Loiter
Selects Air Re-supply Operation
P-47 Anti-Infantry Loiter
P-47 Anti-Infantry Loiter
Designate Forward Repair Station
P-47 Anti-Infantry Loiter